 Dungeon Crawl Stone Soup version 0.29-a0-43-g62a80824bf (webtiles) character file.

Game seed: 16593864938643105583

319 siradein the Skirmisher (level 6, -6/56 HPs)
             Began as a Minotaur Abyssal Knight on Feb 2, 2022.
             Was a Believer of Lugonu.
             Mangled by an ogre (14 damage)
             ... on level 4 of the Dungeon.
             The game lasted 00:10:04 (3966 turns).

siradein the Skirmisher (Minotaur Abyssal Knight)   Turns: 3966, Time: 00:10:05

Health: -6/56      AC:  9    Str: 26    XL:     6   Next: 21%
Magic:  7/7        EV:  9    Int:  7    God:    Lugonu [**....]
Gold:   137        SH:  0    Dex: 10    Spells: 5/5 levels left

rFire   . . .      SeeInvis .   a - +1 mace
rCold   . . .      Faith    .   (no shield)
rNeg    + . .      Spirit   .   n - +0 chain mail
rPois   .          Reflect  .   (helmet restricted)
rElec   .          Harm     .   (no cloak)
rCorr   .          Rampage  .   (no gloves)
Will    .....                   (no boots)
Stlth   ..........              (no amulet)
HPRegen 0.18/turn               b - ring of positive energy
MPRegen 0.10/turn               o - +6 ring of strength

@: no status effects
A: horns 2, retaliatory headbutt
a: Renounce Religion, Depart the Abyss, Bend Space


You were on level 4 of the Dungeon.
You worshipped Lugonu.
Lugonu was pleased with you.
You visited 1 branch of the dungeon, and saw 4 of its levels.
You visited the Abyss 1 time.

You collected 137 gold pieces.

Inventory:

Hand Weapons
 a - a +1 mace (weapon)
Missiles
 c - 2 throwing nets
 d - 3 poisoned darts
Armour
 n - a +0 chain mail (worn)
Jewellery
 b - a ring of positive energy (left hand)
 o - a +6 ring of strength (right hand)
Scrolls
 e - 3 scrolls of teleportation
 h - 2 scrolls of brand weapon {unknown}
 i - 2 scrolls of torment {unknown}
Potions
 f - a potion of invisibility
 g - 2 potions of haste {unknown}
 j - 2 potions of degeneration {unknown}
 k - a potion of attraction {unknown}
 l - a potion of resistance {unknown}
 m - a potion of heal wounds {unknown}


   Skills:
 + Level 5.0 Fighting
 + Level 4.1 Maces & Flails
 + Level 4.1 Armour
 + Level 3.1 Dodging
 + Level 3.2 Invocations


You had 5 spell levels left.
You didn't know any spells.
Your spell library contained the following spells:

 Spells                   Type           Power      Damage    Failure   Level
 Shock                    Conj/Air       0%         1d3       96%         1
 Slow                     Hex            0%         N/A       96%         1
 Confusing Touch          Hex            0%         N/A       100%        3
 Swiftness                Air            0%         N/A       100%        3
 Vampiric Draining        Necr           0%         2d6       100%        3
 Airstrike                Air            0%         N/A       100%        4


Dungeon Overview and Level Annotations

Branches:
Dungeon (4/15)
 Temple: D:4-7

Altars:


Innate Abilities, Weirdness & Mutations

You have a pair of horns on your head.
You reflexively headbutt those who attack you in melee.


Message History

Your Armour skill increases to level 4!
Your Dodging skill increases to level 3!
You have reached level 6!
You closely miss the ball python. Your headbutt misses the ball python.
The ball python bites you but does no damage.
The ball python constricts you.
You sock the ball python!
You kill the ball python!
Lugonu accepts your kill.
No target in view!
Things that are here:
a +0 giant club; an ogre corpse
Items here: ( )) †.
d - a poisoned dart
d - 2 poisoned darts (gained 1)
d - 3 poisoned darts (gained 1)
The ogre shouts!
An ogre is nearby!
An ogre is nearby!
An ogre is nearby!
The ogre hits you with a +0 giant club!!
You hit the ogre.
The ogre is moderately wounded.
You closely miss the ogre.
The ogre is moderately wounded.
The ogre hits you with a +0 giant club!
* * * LOW HITPOINT WARNING * * *
You are too injured to fight recklessly!
The ogre hits you with a +0 giant club.
* * * LOW HITPOINT WARNING * * *
The ogre shouts!
You hit the ogre but do no damage. Your headbutt misses the ogre.
The ogre is lightly wounded.
The ogre hits you with a +0 giant club.
* * * LOW HITPOINT WARNING * * *
The ogre misses you. You furiously retaliate!
You headbutt the ogre. You hit the ogre.
The ogre is lightly wounded.
The ogre barely misses you. The ogre hits you with a +0 giant club!
You die...

#.# #.# #.# #.# #.# #.#
#.# ##.#
...######.###..# #####
#..............#####<.).
.####...##.........###
#O####...####### # #@#
#...# #.#O## #...#
#....# #...# ####.#
#...# #....# #...#
#...####...#
#..#...#......
#.............
#.######.##.#.


You could see 2 ogres.

Vanquished Creatures
  An ogre (D:4)
  A gnoll sergeant (D:3)
  Jessica (D:3)
  4 gnolls (D:3)
  3 adders (D:2)
  5 worms
  A dart slug (D:1)
  5 ball pythons
  3 bats (D:2)
  7 endoplasms
  3 giant cockroaches
  8 goblins
  5 hobgoblins
  4 jackals (D:3)
  3 kobolds
  4 quokkas
  3 frilled lizards
  5 rats
66 creatures vanquished.

Vanquished Creatures (others)
  A plant (D:4)
1 creature vanquished.

Grand Total: 67 creatures vanquished

Notes
Turn   | Place    | Note
-------+----------+-------------------------------------------
     0 | Abyss:1  | siradein the Minotaur Abyssal Knight began the quest for
                  | the Orb.
     0 | Abyss:1  | Reached XP level 1. HP: 19/19 MP: 1/1
    84 | Abyss:1  | Found a corrupted altar of Lugonu.
   104 | D:1      | Escaped the Abyss
   111 | D:1      | Noticed a salamander
   112 | D:1      | Noticed a wyvern
   112 | D:1      | Noticed a polar bear
   573 | D:1      | Reached XP level 2. HP: 26/27 MP: 2/2
  1090 | D:2      | Noticed a shining eye
  1092 | D:2      | Found a faded altar of an unknown god.
  1094 | D:2      | Noticed a shining eye
  1094 | D:2      | Noticed a golden eye
  1094 | D:2      | Noticed a great orb of eyes
  1100 | D:2      | Reached skill level 4 in Fighting
  1106 | D:2      | Reached XP level 3. HP: 28/33 MP: 3/3
  1525 | D:2      | Reached ** piety under Lugonu
  2114 | D:2      | Reached XP level 4. HP: 40/40 MP: 4/4
  2589 | D:3      | Noticed a gnoll sergeant
  2597 | D:3      | Killed a gnoll sergeant
  2598 | D:3      | Reached XP level 5. HP: 39/47 MP: 4/6
  3112 | D:3      | Noticed Jessica
  3124 | D:3      | Killed Jessica
  3564 | D:4      | Noticed a centaur
  3571 | D:4      | Noticed an ogre
  3571 | D:4      | Noticed an ogre
  3832 | D:4      | Noticed an ogre
  3854 | D:4      | Killed an ogre
  3855 | D:4      | Reached skill level 5 in Fighting
  3855 | D:4      | Reached XP level 6. HP: 44/56 MP: 7/7
  3966 | D:4      | Mangled by an ogre

Illustrated notes

Levels and vault maps discovered:
D:1:      onia_arrival_zoo_common, layout_loops_ring, minivault_27
D:2:      minmay_razor_zed, layout_basic,
          hellmonk_ecumenical_altar_watching_god, hex_large
D:3:      layout_basic, minivault_5, uniq_jessica
D:4:      layout_loops_ring, grunt_qazlal_clouds, serial_bayou_pond_e,
          minmay_distorted, uniq_natasha

Skill      XL: |  1  2  3  4  5 |
---------------+----------------+-----
Invocations    | 2 3 |  3.2
Fighting       | 4 5 |  5.0
Maces & Flails | 3 4 |  4.1
Armour         | 3 4 |  4.1
Dodging        | 2 3 |  3.1

Action                   |  1- 3 |  4- 6 || total
-------------------------+-------+-------++-------
Melee: Mace              |    88 |    62 ||   150
       Headbutt          |    12 |    15 ||    27
       Punch             |     1 |       ||     1
Throw: Dart              |       |     3 ||     3
Invok: Bend Space        |       |     1 ||     1
  Use: Scroll            |       |     3 ||     3
       Potion            |       |     1 ||     1
Armor: Leather armour    |    24 |     2 ||    26
       Scale mail        |       |    32 ||    32
       Chain mail        |       |     7 ||     7
Dodge: Dodged            |    51 |    47 ||    98

Table legend: (Time is in decaauts)
 A = Elapsed time spent in this place.
 B = Non-inter-level travel time spent in this place.
 C = Inter-level travel time spent in this place.
 D = Time resting spent in this place.
 E = Time spent auto-exploring this place.
 F = Levels seen in this place.
 G = Mean time per level.
                   A        B        C        D        E       F      G
               +--------+--------+--------+--------+--------+-----+--------+
         Total |   4001 |   3883 |    118 |    351 |   2886 |   5 |  800.2 |
       Dungeon |   3897 |   3779 |    118 |    351 |   2816 |   4 |  974.2 |
         Abyss |    104 |    104 |      0 |      0 |     70 |   1 |  104.0 |
               +--------+--------+--------+--------+--------+-----+--------+

Top non-repeatable levels by time:
     D:2: 1394 daAuts
     D:3: 1218 daAuts
     D:1: 1103 daAuts
     D:4: 179 daAuts
 Abyss:1: 104 daAuts
